[Event "Late-Titled-Tuesday-Blitz-March-05-2024"]
[Site "Chess.com"]
[Date "2024.03.05"]
[Round "7"]
[White "masterofpuppets2"]
[Black "jk13"]
[Result "1/2-1/2"]
[WhiteElo "2490"]
[BlackElo "2642"]
[TimeControl "180+1"]
[EndTime "15:16:29 PST"]
[Termination "Game drawn by repetition"]

1. d4 Nf6 2. c4 e6 3. Nc3 Bb4 4. Qc2 O-O 5. e4 d5 6. e5 Ne4 7. Bd3 c5 8. Nf3 cxd4 9. Nxd4 Nd7 10. Bf4 Ndc5 11. O-O Bxc3 12. bxc3 Nxd3 13. Qxd3 b6 14. cxd5 exd5 15. Rfd1 Bb7 16. f3 Nc5 17. Qf5 Qc8 18. Qg5 Ne6 19. Nxe6 fxe6 20. Be3 Rf5 21. Qe7 Qc6 22.
Bd4 Raf8 23. a4 R5f7 24. Qa3 Qc4 25. a5 bxa5 26. Qxa5 a6 27. Rd2 g5 28. Ra4 Qc8 29. h3 h5 30. Be3 Rf5 31. Qb4 Bc6 32.
Ra1 Bb5 33. Qd4 Qc4 34. Kh2 Qxd4 35. Bxd4 Kg7 36. Rb2 Kg6 37. Rb4 Rf4 38. Kg3 Rc8 39. Ra5 Kf5 40. Kf2 g4 41. hxg4+ hxg4 42. Ke3 g3 43.
Ra1 Rh8 44. Rg1 Rh2 45. Kd2 Rxf3 46. Ke1 Rf4 47. Kd2 Rf2+ 48. Ke3 Re2+ 49. Kf3 Re4 50. Kxg3 Rhh4 51. Kf3 Rhf4+ 52. Kg3 Rg4+ 53. Kh3 Rg5 54. g4+ Kg6 55. Bf2 Be2 56. Bh4 Bxg4+ 57. Kh2 Re2+ 58. Rg2 Rxg2+ 59. Kxg2 Bf5+ 60. Bxg5 Kxg5 61. Kf2 Be4 62. Ke3 Kf5 63. Kd4 Kf4 64. Rb6 Bf5 65. Rxa6 Kf3 66.
Rd6 Kf4 67. c4 dxc4 68. Rc6 Bd3 69. Rxe6 Bf5 70. Rf6 c3 71. e6 c2 72. e7 c1=Q 73. Rxf5+ Kxf5 74. e8=Q Qd2+ 75. Kc4 Qc2+ 76. Kb4 Qb2+ 77.
Kc4 Qc2+ 78. Kb4 Qb2+ 79. Kc4 Qa2+ 80. Kb4 Qb2+ 1/2-1/2

[Event "Late-Titled-Tuesday-Blitz-March-05-2024"]
[Site "Chess.com"]
[Date "2024.03.05"]
[Round "7"]
[White "XDPS"]
[Black "ChessBrainiacOnTwitch"]
[Result "1-0"]
[WhiteElo "2908"]
[BlackElo "2789"]
[TimeControl "180+1"]
[EndTime "15:16:46 PST"]
[Termination "XDPS won by checkmate"]

1. d4 Nf6 2. Nf3 g6 3. Bf4 Bg7 4. e3 O-O 5. h3 d6 6. Bh2 c5 7. c3 b6 8. Nbd2 Bb7 9. Be2 Nc6 10. O-O Rc8 11. Re1 Qc7 12. Qa4 Qb8 13. Rad1 Qa8 14. Bf1 Rfd8 15. Qb3 e6 16. Nc4 Ne4 17. dxc5 dxc5 18.
Qc2 Ne7 19. Nfe5 Rd5 20. f3 Nf6 21. e4 Rxd1 22. Rxd1 Rd8 23. Nd6 Rf8 24. Bc4 Bc8 25. a4 Nc6 26. Nxc6 Qxc6 27. Bb5 Qa8 28. Nxc8 Qxc8 29.
Qd3 Nh5 30. g4 Nf6 31. Qd6 h6 32. Qe7 Nh7 33. Qxa7 Rd8 34. Rxd8+ Qxd8 35. Qb8 Bf6 36. Qxd8+ Bxd8 37. Bd6 Ng5 38. Kg2 f5 39. Bd3 Nf7 40.
Bg3 fxg4 41. fxg4 e5 42. Bc4 Bc7 43. b4 Kg7 44. Bf2 cxb4 45. cxb4 Nd6 46. Bd5 Kf6 47. Kf3 g5 48. Ke2 Ke7 49. Kd3 Kd8 50. Bg3 Ne8 51. Kc4 Nd6+ 52. Kb3 Ne8 53. Be1 Nf6 54. Bc6 Ke7 55. a5 bxa5 56. bxa5 Kd6 57. Bb7 Kc5 58. a6 Bb8 59. Bf2+ Kb5 60. a7 Bxa7 61. Bxa7 Nd7 62.
Bd5 Nf6 63. Bb7 Nd7 64. Kc3 Nc5 65. Bxc5 Kxc5 66. Bd5 Kb5 67. Bc4+ Kc5 68. Bd3 Kd6 69. Kc4 Kc6 70. Bc2 Kd6 71. Ba4 Ke6 72. Kc5 Ke7 73.
Kd5 h5 74. Kxe5 hxg4 75. hxg4 Kf7 76. Kf5 Ke7 77. e5 Kf7 78. Bb3+ Ke7 79. Kxg5 Kf8 80. Kf6 Ke8 81. g5 Kd8 82. g6 Kc7 83. e6 Kb6 84.
g7 Kc5 85. Bd1 Kb4 86. Bh5 Kc3 87. Bf7 Kd2 88. g8=Q Ke1 89. e7 Kf2 90. Qg4 Kf1 91. Qg3 Ke2 92. e8=Q+ Kd1 93. Qa4+ Kd2 94. Qf2+ Kc1 95.
Qa1# 1-0

[Event "Late-Titled-Tuesday-Blitz-March-05-2024"]
[Site "Chess.com"]
[Date "2024.03.05"]
[Round "7"]
[White "karinachess1"]
[Black "DonJuan_34"]
[Result "0-1"]
[WhiteElo "2587"]
[BlackElo "2483"]
[TimeControl "180+1"]
[EndTime "15:17:00 PST"]
[Termination "DonJuan_34 won by resignation"]

1. d4 Nf6 2. c4 g6 3. Nc3 Bg7 4.
e4 O-O 5. h4 d6 6. Be2 c5 7. d5 e6 8. h5 exd5 9. exd5 Re8 10. h6 Bh8 11. Nf3 Ne4 12. Nxe4 Rxe4 13. Kf1 Nd7 14. Bg5 Bf6 15. Qd2 Ne5 16. Bxf6 Qxf6 17.
Nxe5 Qxe5 18. Bd3 Qd4 19. Rd1 Re5 20. Be2 Qxd2 21. Rxd2 Bf5 22. f3 Rae8 23. Kf2 g5 24.
a3 a5 25. Rc1 f6 26. Rc3 a4 27. b4 axb3 28. Rxb3 Bc8 29. Rb6 Rd8 30. Bd3 f5 31. g3 Re7 32. f4 g4 33. Rdb2 Kf7 34. a4 Kg6 35. a5 Kxh6 36. Bc2 Kg6 37. Bd3 h5 38. Rb1 Rh7 39. R1b5 Rc7 40. Rb1 Kf6 41. Rh1 Rh7 42. Rh4 Ke7 43. Bc2 Rdh8 44. Bd3 Rf7 45. Bc2 Kd7 46. Bd3 Kc7 47. Bc2 Re7 48. Bd3 Bd7 49.
Rh1 h4 50. gxh4 g3+ 51. Kf3 g2 52. Kxg2 Re3 53. Rd1 Rxh4 54. Kf2 Reh3 55. Be2 Rh2+ 56. Ke1 Rh1+ 57. Kd2 Rxd1+ 58. Bxd1 Rxf4 59. Be2 Rd4+ 60. Ke3 f4+ 61. Kf2 Re4 62. Rb2 Re3 63. Ra2 Rb3 64. a6 bxa6 65. Rxa6 Bf5 66. Ra7+ Rb7 67. Ra8 Rb2 68. Kf3 Bg4+ 69. Kxf4 Bxe2 70. Ra7+ Kb8 71. Rd7 Bxc4 72. Rxd6 Rd2 73. Rb6+ Ka7 74. Rc6 Rxd5 75. Ke4 Kb7 76. Rh6 Rg5 77. Rh7+ Kb6 78. Rh6+ Kb5 79. Ke3 Bd5 80. Rh8 Re5+ 81. Kd2 Rg5 82. Rb8+ Kc4 83. Ra8 Rg2+ 84. Ke3 Rg3+ 85. Kf4 Rf3+ 86.
Ke5 Re3+ 87. Kd6 Re6+ 88. Kd7 Bxa8 0-1

[Event "Late-Titled-Tuesday-Blitz-March-05-2024"]
[Site "Chess.com"]
[Date "2024.03.05"]
[Round "7"]
[White "GotCheeseCheckers"]
[Black "Rodalquilar"]
[Result "0-1"]
[WhiteElo "2512"]
[BlackElo "2781"]
[TimeControl "180+1"]
[EndTime "15:17:12 PST"]
[Termination "Rodalquilar won by resignation"]

1. e4 d5 2. exd5 Qxd5 3. Nc3 Qa5 4. Nge2 Nf6 5. Nd4 c6 6. Nb3 Qc7 7. d4 Bf5 8. Bd3 Bxd3 9. Qxd3 e6 10. O-O Nbd7 11.
Ne4 Be7 12. Qg3 Qxg3 13. Nxg3 h5 14. c3 h4 15. Ne2 h3 16. g3 a5 17. a4 Ra6 18.
Bg5 Ne4 19. Bxe7 Kxe7 20. f3 Nd6 21. Kf2 Nc4 22. Ra2 Rb6 23. Nec1 Nf6 24. Ke2 Rh5 25. Kd3 Nd6 26. Kc2 Nd5 27. Re1 Rf5 28. Nd2 Ra6 29. Nd3 Rh5 30. Nc5 Ra8 31. Nde4 b6 32. Nd3 Nxe4 33. fxe4 Nf6 34. b4 Ng4 35. Kb3 Rb8 36. b5 cxb5 37. axb5 Rxb5+ 38. Kc2 Rc8 39. Nf4 Nxh2 40.
Rh1 Nf3 41. Kd3 Rb3 42. Rc2 e5 43. Nd5+ Kd6 44. dxe5+ Nxe5+ 45. Ke3 f5 46. Rxh3 fxe4 47. Nf4 Rcxc3+ 48. Rxc3 Rxc3+ 49. Kxe4 Rc4+ 50. Kf5 Rc5 51. Rh1 Nd3+ 52. Kg6 Nxf4+ 53. gxf4 a4 54. Kxg7 Rf5 55. Rf1 b5 56. Kg6 Rf8 57. f5 b4 58. Kg7 Rxf5 59.
Rxf5 b3 60. Ra5 b2 61. Rxa4 b1=Q 62. Rg4 Qf5 63. Rg6+ Ke7 64. Kh6 Qf8+ 65. Kg5 Qf1 66.
Rg7+ Ke6 67. Rg6+ Kf7 68. Rh6 Qg1+ 69. Kh5 Kg7 70. Re6 Qh2+ 71. Kg5 Qg3+ 72. Kf5 Qh3+ 73. Ke5 Kf7 74. Rf6+ Ke7 75. Rf5 Qd3 76. Rg5 Qe3+ 77. Kf5 Kf7 78. Rg4 Qe6+ 79. Kf4 Kf6 80. Rh4 Qc4+ 81.
Kg3 Qe2 82. Kf4 Qf2+ 83. Kg4 Ke5 84. Rh5+ Ke4 85. Rg5 Qh2 86. Rg6 Qg2+ 87. Kh5 Qh3+ 88. Kg5 Ke5 89. Rg7 Ke6 90. Rg6+ Ke5 91. Rg7 Qh8 92.
Rg6 Qf8 93. Kg4 Qf5+ 0-1

[Event "Late-Titled-Tuesday-Blitz-March-05-2024"]
[Site "Chess.com"]
[Date "2024.03.05"]
[Round "7"]
[White "mishanick"]
[Black "Lukianoo"]
[Result "1-0"]
[WhiteElo "3079"]
[BlackElo "2870"]
[TimeControl "180+1"]
[EndTime "15:17:32 PST"]
[Termination "mishanick won by resignation"]

1. d4 Nf6 2. c4 e6 3. Nf3 Bb4+ 4. Bd2 Qe7 5. g3 Nc6 6. b3 Bxd2+ 7. Qxd2 d6 8. Nc3 O-O 9. Bg2 e5 10. O-O e4 11. Ng5 Bf5 12. d5 Ne5 13. Qf4 Bg6 14. Ngxe4 Nxe4 15. Bxe4 Rae8 16. Bg2 Nd7 17. Rad1 Qd8 18.
Qd4 a5 19. e4 f5 20. f4 fxe4 21.
Bxe4 Bxe4 22. Nxe4 h6 23. Rde1 b6 24. Re2 Re7 25.
Rfe1 Rfe8 26. Kf2 Kh8 27. Re3 Rf8 28. h4 Ne5 29. Kg2 Ng4 30. R3e2 Qe8 31. Qd3 Qh5 32. Nf2 Nxf2 33. Kxf2 Ref7 34. Kg2 Qg4 35. Re4 Qg6 36. Qf3 Qf6 37. R1e2 a4 38. Re8 Qd4 39. Qe4 Qc3 40. Qg6 Rf6 41. Qc2 Qd4 42. bxa4 Kg8 43. h5 Rxe8 44.
Rxe8+ Kf7 45. Re4 Qc5 46. Re2 Kg8 47. Re8+ Rf8 48. Re7 Qd4 49. Qe2 Kh8 50. Kf3 Qc3+ 51. Kg4 Qf6 52. Qe6 Qa1 53. Qe2 Qf6 54. Re8 Qf5+ 55.
Kh4 Qf6+ 56. Kh3 Qf5+ 57. Kg2 Qf7 58. Rxf8+ Qxf8 59. Qe6 Qa8 60. f5 Qxa4 61. f6 Qc2+ 62. Kh3 gxf6 63. Qxf6+ Kh7 64. Qe7+ Kh8 65. Qd8+ Kh7 66.
Qxc7+ Kh8 67. Qd8+ Kh7 68. Qd7+ Kh8 69. Qe6 Kh7 70.
Qg6+ Qxg6 71. hxg6+ Kxg6 72. Kg4 h5+ 73. Kf4 Kf6 74. a4 Kg6 75. Ke4 Kf6 76. Kd4 Kf5 77.
Kc3 Ke4 78. Kb4 Kf3 79. Kb5 Kxg3 80. Kxb6 h4 81. c5 h3 82. cxd6 h2 83. d7 h1=Q 84.
d8=Q Qb1+ 85. Ka7 Qa2 86. Qa5 Kf4 87. Qb4+ Ke5 88. d6 Ke6 89. a5 Kd7 90. a6 Qa1 91. Kb7 Qh1+ 92. Kb8 Qh8+ 93. Ka7 Qh2 94. Qb7+ Ke6 95.
Qc6 Qf2+ 96. Kb8 Qb2+ 97. Kc8 Qh8+ 98. Kc7 Qg7+ 99. d7+ Ke7 100. d8=Q+ 1-0

[Event "Late-Titled-Tuesday-Blitz-March-05-2024"]
[Site "Chess.com"]
[Date "2024.03.05"]
[Round "7"]
[White "Hikaru"]
[Black "Polish_fighter3000"]
[Result "1/2-1/2"]
[WhiteElo "3262"]
[BlackElo "3118"]
[TimeControl "180+1"]
[EndTime "15:17:44 PST"]
[Termination "Game drawn by 50-move rule"]

1. h3 e5 2. c4 Nf6 3. Nc3 g6 4. g4 Bg7 5. Bg2 O-O 6. e4 d6 7. Nge2 Nc6 8. d3 a6 9. f4 exf4 10. Bxf4 Nd7 11. O-O Rb8 12. d4 b5 13. cxb5 axb5 14. Rc1 Ne7 15. Qd2 b4 16. Nd1 Ba6 17.
Rf2 Rb6 18. Ne3 c5 19. dxc5 Nxc5 20. Nc4 Bxc4 21. Rxc4 Ne6 22. Be3 Ra6 23. b3 Nc6 24.
Nf4 Bc3 25. Qe2 Nxf4 26. Bxf4 Rb6 27. Qe3 Ne5 28. Rxc3 bxc3 29. Qxc3 Qe7 30. Qd4 Rc6 31. Bf1 Rfc8 32. a4 g5 33. Bxe5 dxe5 34. Qd2 Rd6 35. Qe3 Kg7 36. Bc4 f6 37. a5 Rd4 38. a6 Qa3 39.
Qf3 Rc6 40. Kg2 Rdxc4 41. bxc4 Qxf3+ 42. Rxf3 Rxa6 43. Rc3 Kf7 44. c5 Ke7 45. c6 Kd8 46. Rd3+ Kc7 47. Rd7+ Kxc6 48. Rxh7 Kc5 49. Rd7 Rd6 50.
Rf7 Kd4 51. Kf3 Kd3 52. Rb7 Rc6 53. Rd7+ Kc3 54. Ke3 Kc4 55. Rd8 Kc3 56. Rd3+ Kc4 57. Rd8 Kc3 58. Rh8 Kc2 59. h4 gxh4 60. Rxh4 Rc3+ 61.
Ke2 Rc4 62. g5 fxg5 63. Rg4 Kc3 64. Ke3 Rd4 65. Rxg5 Rd3+ 66. Ke2 Kd4 67. Rxe5 Re3+ 68. Kf2 Rxe4 69. Ra5 Rf4+ 70. Kg3 Re4 71. Kf3 Re3+ 72.
Kf2 Re5 73. Ra4+ Kd5 74. Ra8 Ke6 75. Re8+ Kf6 76. Ra8 Rf5+ 77. Ke3 Rb5 78. Kd4 Rb4+ 79. Kc5 Rb1 80. Rf8+ Ke5 81. Rf2 Ke4 82. Re2+ Kd3 83.
Re8 Rh1 84. Rd8+ Kc3 85. Rg8 Rh5+ 86. Kd6 Kd4 87. Rg4+ Ke3 88. Ra4 Rh6+ 89. Ke5 Rh5+ 90. Kf6 Rb5 91. Ra3+ Kd4 92. Ra6 Kc5 93. Ra1 Kd4 94.
Rd1+ Ke4 95. Rh1 Kd4 96. Rd1+ Ke4 97. Ra1 Kd3 98. Ra3+ Kc4 99. Ra7 Kd5 100. Rd7+ Ke4 101. Rd1 Rb6+ 102. Kg5 Rb5+ 103. Kg4 Rb4 104. Re1+ Kd3+ 105. Kh3 Rb8 106. Rd1+ Ke2 107. Rd7 Rg8 108. Re7+ Kf3 109. Rf7+ Ke4 110. Ra7 Kf4 111. Ra4+ Kf3 112. Ra3+ Kf4 113. Ra4+ Kf5 114. Kh4 Rh8+ 115. Kg3 Rb8 116. Ra5+ Ke4 117. Ra7 Ke3 118. Re7+ Kd4 1/2-1/2

[Event "Late-Titled-Tuesday-Blitz-March-05-2024"]
[Site "Chess.com"]
[Date "2024.03.05"]
[Round "8"]
[White "NtcPou"]
[Black "Nick12772"]
[Result "0-1"]
[WhiteElo "2029"]
[BlackElo "2400"]
[TimeControl "180+1"]
[EndTime "15:19:28 PST"]
[Termination "Nick12772 won by resignation"]

1. e4 e6 2. d4 d5 3. Nd2 Nf6 4. e5 Nfd7 5. Bd3 c5 6. c3 Nc6 7. Ne2 cxd4 8. cxd4 f6 9. Nf4 Nxd4 10. Qh5+ Ke7 11.
Ng6+ hxg6 12. exf6+ Nxf6 13. Qxh8 Kf7 14. Nb3 Bb4+ 15.
Bd2 Bxd2+ 16. Nxd2 Qxh8 0-1

[Event "Late-Titled-Tuesday-Blitz-March-05-2024"]
[Site "Chess.com"]
[Date "2024.03.05"]
[Round "8"]
[White "morte-negra"]
[Black "Fjal"]
[Result "0-1"]
[WhiteElo "2062"]
[BlackElo "2293"]
[TimeControl "180+1"]
[EndTime "15:19:52 PST"]
[Termination "Fjal won by resignation"]

1. e4 d6 2. d4 Nf6 3. Nc3 g6 4. Be3 c6 5. Qd2 Qa5 6. O-O-O b5 7. Kb1 b4 8. Nce2 Nxe4 9. Qd3 d5 10. f3 Ba6 11. c4 Bxc4 12. Qc2 0-1

[Event "Late-Titled-Tuesday-Blitz-March-05-2024"]
[Site "Chess.com"]
[Date "2024.03.05"]
[Round "8"]
[White "Alexei_Gubajdullin"]
[Black "ccccvhhhj"]
[Result "1-0"]
[WhiteElo "2639"]
[BlackElo "2469"]
[TimeControl "180+1"]
[EndTime "15:19:55 PST"]
[Termination "Alexei_Gubajdullin won by resignation"]

1. Nf3 d5 2. g3 c6 3. Bg2 Bf5 4. O-O Qc8 5. d3 Bh3 6. c4 Bxg2 7. Kxg2 e6 8. Nc3 Nf6 9. cxd5 cxd5 10. Bg5 Be7 11.
Rc1 Qd8 12. Qa4+ Nbd7 13. Bxf6 Bxf6 14. e4 dxe4 15. dxe4 O-O 16. Rfd1 Bxc3 17. Rxd7 b5 18. Rxd8 bxa4 19. Rxf8+ Rxf8 20. Rxc3 1-0

[Event "Late-Titled-Tuesday-Blitz-March-05-2024"]
[Site "Chess.com"]
[Date "2024.03.05"]
[Round "8"]
[White "baki83"]
[Black "Mikasinski"]
[Result "0-1"]
[WhiteElo "2811"]
[BlackElo "2693"]
[TimeControl "180+1"]
[EndTime "15:20:20 PST"]
[Termination "Mikasinski won by resignation"]

1. e4 c5 2. Nf3 d6 3. Bb5+ Bd7 4.
Bxd7+ Qxd7 5. O-O Nc6 6. Re1 Nf6 7. c3 e6 8. d4 cxd4 9. cxd4 d5 10. e5 Ne4 11.
Nbd2 Nxd2 12. Bxd2 Bb4 13. Re3 Bxd2 14. Qxd2 h6 15.
h4 Rc8 16. h5 O-O 17. Nh2 Qe7 18. Rg3 Kh8 19. a3 f6 20. exf6 Qxf6 21. Nf3 Qf4 22. Qd3 e5 23. Qg6 Rc7 24. Qd6 exd4 0-1

[Event "Late-Titled-Tuesday-Blitz-March-05-2024"]
[Site "Chess.com"]
[Date "2024.03.05"]
[Round "8"]
[White "santosalberto1987"]
[Black "OverallStranger"]
[Result "1-0"]
[WhiteElo "2551"]
[BlackElo "2380"]
[TimeControl "180+1"]
[EndTime "15:20:20 PST"]
[Termination "santosalberto1987 won by resignation"]

1. e4 c5 2. Nf3 Nc6 3. Nc3 g6 4. d4 cxd4 5. Nxd4 Bg7 6. Be3 Nf6 7.
Bc4 O-O 8. Bb3 Re8 9. f3 e6 10.
f4 d6 11. Ndb5 Bf8 12. Qf3 a6 13. Nd4 Bd7 14. O-O-O Nxd4 15. Bxd4 Bc6 16. g4 e5 17.
fxe5 dxe5 18. Bxe5 Bh6+ 19. Kb1 Rxe5 20. Rxd8+ Rxd8 21. Qxf6 Rde8 22. Bxf7+ 1-0

[Event "Late-Titled-Tuesday-Blitz-March-05-2024"]
[Site "Chess.com"]
[Date "2024.03.05"]
[Round "8"]
[White "Ze-Pequeno"]
[Black "shirovin"]
[Result "1-0"]
[WhiteElo "2311"]
[BlackElo "2068"]
[TimeControl "180+1"]
[EndTime "15:21:45 PST"]
[Termination "Ze-Pequeno won by checkmate"]

1. e4 c5 2. Nf3 d6 3. d4 cxd4 4. Nxd4 Nf6 5. Nc3 a6 6. Bg5 e6 7. f4 Be7 8. Qf3 Qc7 9. O-O-O Nbd7 10. g4 h6 11. Bh4 g5 12. Bg3 b5 13. fxg5 hxg5 14.
Bxb5 axb5 15. Ndxb5 Qa5 16. Bxd6 Bxd6 17. Nxd6+ Ke7 18. Rhf1 Ba6 19. Nxf7 Kxf7 20. Rxd7+ Kg6 21. Qxf6# 1-0

[Event "Late-Titled-Tuesday-Blitz-March-05-2024"]
[Site "Chess.com"]
[Date "2024.03.05"]
[Round "8"]
[White "aceontheturn"]
[Black "FairChess_on_YouTube"]
[Result "0-1"]
[WhiteElo "2799"]
[BlackElo "3084"]
[TimeControl "180+1"]
[EndTime "15:22:01 PST"]
[Termination "FairChess_on_YouTube won by checkmate"]

1. e4 c5 2. Nc3 e6 3. f4 d5 4.
exd5 exd5 5. Bb5+ Nc6 6. Bxc6+ bxc6 7. Nf3 Bd6 8. d3 Ne7 9. O-O O-O 10. b3 Re8 11.
Ba3 Bg4 12. h3 Bxf3 13. Qxf3 Nf5 14. Rae1 Qa5 15. Rxe8+ Rxe8 16. Na4 Nd4 17. Qd1 Ne2+ 18. Kf2 Bxf4 19. Bxc5 Bg3+ 20. Kf3 Qc7 21. Be3 Nd4+ 22. Bxd4 Qf4# 0-1

[Event "Late-Titled-Tuesday-Blitz-March-05-2024"]
[Site "Chess.com"]
[Date "2024.03.05"]
[Round "8"]
[White "TenisMaster"]
[Black "SpeedofLight0"]
[Result "1/2-1/2"]
[WhiteElo "2896"]
[BlackElo "3094"]
[TimeControl "180+1"]
[EndTime "15:22:03 PST"]
[Termination "Game drawn by repetition"]

1. e4 Nc6 2. d4 d5 3. e5 Bf5 4. c3 e6 5. Bd3 Nge7 6. f4 h5 7. Nf3 h4 8. O-O Qd7 9. Be3 Bxd3 10. Qxd3 Nf5 11. Nbd2 Na5 12. b4 Nc4 13. Nxc4 dxc4 14. Qe2 a5 15. a3 Be7 16. Bf2 Qd5 17. h3 O-O 18. Nd2 b5 19. Ne4 Ra7 20. Rae1 Rfa8 21.
Qg4 axb4 22. axb4 Kf8 23. Qh5 Kg8 24. Qg4 Kf8 25. Qh5 Kg8 26. Qg4 1/2-1/2

[Event "Late-Titled-Tuesday-Blitz-March-05-2024"]
[Site "Chess.com"]
[Date "2024.03.05"]
[Round "8"]
[White "venturov"]
[Black "Pachonpower"]
[Result "1-0"]
[WhiteElo "2470"]
[BlackElo "2297"]
[TimeControl "180+1"]
[EndTime "15:22:17 PST"]
[Termination "venturov won by resignation"]

1. e4 g6 2. d4 Bg7 3. c4 d6 4. Nc3 Nf6 5. f3 O-O 6. Be3 Re8 7. Qd2 a5 8. Bd3 a4 9. Bc2 a3 10. b3 e5 11. Nge2 exd4 12. Nxd4 Nc6 13. Rd1 Ne5 14. O-O Qe7 15. Ndb5 Rd8 16. Bg5 Be6 17. h3 Rd7 18. Rfe1 Nc6 19. Nd5 Qd8 20. Qf4 Bxd5 21. exd5 Ne5 22. Qh4 h6 23. Bxh6 Bxh6 24. Qxh6 Qf8 25.
Qxf8+ Rxf8 26. f4 1-0

[Event "Late-Titled-Tuesday-Blitz-March-05-2024"]
[Site "Chess.com"]
[Date "2024.03.05"]
[Round "8"]
[White "Bilan_Danila"]
[Black "szachmistrz2500"]
[Result "1-0"]
[WhiteElo "2542"]
[BlackElo "2427"]
[TimeControl "180+1"]
[EndTime "15:22:24 PST"]
[Termination "Bilan_Danila won by resignation"]

1. d4 Nf6 2. Nf3 e6 3. g3 c5 4. Bg2 cxd4 5. Nxd4 d5 6. c4 dxc4 7. Qa4+ Nbd7 8. Qxc4 a6 9. O-O Be7 10. Rd1 O-O 11.
Nc3 Ne5 12. Qb3 Qa5 13. Bf4 Ng6 14. Bxb7 Bxb7 15. Qxb7 Nxf4 16. gxf4 Bd8 17. Qxa8 1-0

[Event "Late-Titled-Tuesday-Blitz-March-05-2024"]
[Site "Chess.com"]
[Date "2024.03.05"]
[Round "8"]
[White "dosto07"]
[Black "Jahonas"]
[Result "1-0"]
[WhiteElo "2513"]
[BlackElo "2381"]
[TimeControl "180+1"]
[EndTime "15:22:28 PST"]
[Termination "dosto07 won by resignation"]

1. e4 c6 2. d4 d5 3. Nc3 dxe4 4. Nxe4 Bf5 5. Ng3 Bg6 6. h4 h6 7. Nf3 Nd7 8. h5 Bh7 9. Bd3 Bxd3 10. Qxd3 Ngf6 11.
Bd2 e6 12. O-O-O Qc7 13. Ne4 Nxe4 14. Qxe4 Nf6 15. Qe2 O-O-O 16. c4 c5 17. Bc3 a6 18. Kb1 cxd4 19. Bxd4 Bc5 20. Bxc5 Qxc5 21. Ne5 Qe7 22. a3 Rxd1+ 23. Rxd1 Rd8 24. Rxd8+ Kxd8 25. f4 Ke8 26. Qf3 Qc7 27. g4 Nd7 28. Nxd7 Qxd7 29. Ka2 f6 30. Qe4 Qc6 31. Qxc6+ bxc6 32. b4 Kf7 33. Kb3 g6 34. hxg6+ Kxg6 35. a4 f5 36. gxf5+ Kxf5 37. b5 h5 38.
bxc6 h4 39. c7 h3 40. c8=Q 1-0

[Event "Late-Titled-Tuesday-Blitz-March-05-2024"]
[Site "Chess.com"]
[Date "2024.03.05"]
[Round "8"]
[White "secretworker2027"]
[Black "TigrVShlyape"]
[Result "0-1"]
[WhiteElo "2672"]
[BlackElo "2866"]
[TimeControl "180+1"]
[EndTime "15:22:40 PST"]
[Termination "TigrVShlyape won by resignation"]

1. e4 Nf6 2. Nc3 e5 3. Nf3 d6 4.
d4 Nbd7 5. Bc4 Be7 6. O-O O-O 7. Qe2 c6 8. Rd1 Qc7 9. a4 b6 10. h3 a6 11. dxe5 dxe5 12. Nh4 Nc5 13. Nf5 Bxf5 14.
exf5 b5 15. Ba2 b4 16. Nb1 e4 17. Be3 Qe5 18. Nd2 Qxf5 19. Qc4 a5 20. Nf1 Nxa4 21.
Ng3 Qb5 22. Qd4 Rfd8 23. Qc4 Rxd1+ 24. Rxd1 Qxc4 25. Bxc4 Nxb2 26. Nf5 Bf8 0-1

[Event "Late-Titled-Tuesday-Blitz-March-05-2024"]
[Site "Chess.com"]
[Date "2024.03.05"]
[Round "8"]
[White "Vse_po_kaify"]
[Black "Zavgorodniy_Sergiy"]
[Result "0-1"]
[WhiteElo "2420"]
[BlackElo "2626"]
[TimeControl "180+1"]
[EndTime "15:22:43 PST"]
[Termination "Zavgorodniy_Sergiy won on time"]

1. Nf3 d5 2. e3 Nf6 3. c4 e6 4. b3 Be7 5. Bb2 O-O 6. Nc3 b6 7. Qc2 Bb7 8. Ng5 h6 9. h4 Nbd7 10. Nf3 c5 11. cxd5 Nxd5 12. Ng5 Bxg5 13. hxg5 Qxg5 14.
Ne4 Qg6 15. Qb1 Nxe3 16. Bd3 Qxg2 17. Ng3 Ng4 18. Rf1 Nxf2 19. Rxf2 Qxg3 20. Ke2 Ne5 0-1

[Event "Late-Titled-Tuesday-Blitz-March-05-2024"]
[Site "Chess.com"]
[Date "2024.03.05"]
[Round "8"]
[White "Hikaru"]
[Black "Azerichess"]
[Result "1-0"]
[WhiteElo "3266"]
[BlackElo "3061"]
[TimeControl "180+1"]
[EndTime "15:22:44 PST"]
[Termination "Hikaru won by resignation"]

1. h3 d5 2. d4 Nf6 3. Nf3 g6 4. e3 Bg7 5. Bb5+ c6 6. Bd3 O-O 7. O-O Qc7 8. c4 dxc4 9. Bxc4 c5 10. dxc5 Qxc5 11. Qe2 Nc6 12. Nc3 Rd8 13. e4 Nd4 14. Nxd4 Qxd4 15. Rd1 Qb6 16. Be3 Qa5 17. b4 Rxd1+ 18.
Rxd1 Qc7 19. Nb5 Qe5 20. Rd8+ Bf8 21. Bh6 Nd7 22. Qf3 e6 23. Qc3 Qxc3 24. Nxc3 a6 25. Na4 1-0

[Event "Late-Titled-Tuesday-Blitz-March-05-2024"]
[Site "Chess.com"]
[Date "2024.03.05"]
[Round "8"]
[White "toninhojit"]
[Black "Agibileg"]
[Result "1-0"]
[WhiteElo "2543"]
[BlackElo "2640"]
[TimeControl "180+1"]
[EndTime "15:22:44 PST"]
[Termination "toninhojit won by resignation"]

1. d4 Nf6 2. c4 e6 3. Nf3 c5 4. d5 d6 5. Nc3 exd5 6. cxd5 g6 7. Nd2 Bg7 8. Nc4 O-O 9. Bf4 Ne8 10.
Qd2 a6 11. a4 Qe7 12. Nb6 Nd7 13. Nxa8 Nef6 14. a5 b5 15. Nb6 Nxb6 16. axb6 b4 17. Nd1 Ne4 18. Qe3 Bd4 19. Qd3 Bf5 20. Qxa6 Qf6 21.
f3 Bc8 22. b7 Qxf4 23. fxe4 Bh3 24. Qd3 Kg7 25. Qxh3 c4 26. Qf3 1-0

[Event "Late-Titled-Tuesday-Blitz-March-05-2024"]
[Site "Chess.com"]
[Date "2024.03.05"]
[Round "8"]
[White "Binary010"]
[Black "flubs"]
[Result "0-1"]
[WhiteElo "2779"]
[BlackElo "2461"]
[TimeControl "180+1"]
[EndTime "15:22:49 PST"]
[Termination "flubs won by resignation"]

1. d4 d5 2. c4 Nc6 3. cxd5 Qxd5 4. e3 e5 5. Nc3 Bb4 6. Bd2 Bxc3 7. bxc3 Qd6 8. Qc2 Nf6 9. Bd3 O-O 10. Ne2 Re8 11. O-O e4 12. Bb5 a6 13. Bxc6 Qxc6 14. c4 Bg4 15. d5 Qc5 16. Nd4 b5 17. cxb5 Qxc2 18. Nxc2 axb5 19. h3 Be2 20. Rfc1 Nxd5 21. Nd4 Bc4 22. a4 Bd3 23. axb5 g6 24. Rxa8 Rxa8 25. Rc5 Rd8 26. Ne6 fxe6 0-1

[Event "Late-Titled-Tuesday-Blitz-March-05-2024"]
[Site "Chess.com"]
[Date "2024.03.05"]
[Round "8"]
[White "Sandstad"]
[Black "northridgehawk"]
[Result "1/2-1/2"]
[WhiteElo "2459"]
[BlackElo "2337"]
[TimeControl "180+1"]
[EndTime "15:22:50 PST"]
[Termination "Game drawn by repetition"]

1. e4 e5 2. Nf3 Nc6 3. Bc4 Nf6 4.
Ng5 d5 5. exd5 Na5 6. Bb5+ Bd7 7. Qe2 Bd6 8. Nf3 O-O 9. Bxd7 Qxd7 10. Nc3 Rfe8 11. d3 c6 12. dxc6 Nxc6 13. Be3 Rad8 14. O-O Nd4 15. Bxd4 exd4 16. Ne4 Qf5 17. Rfe1 Nxe4 18.
dxe4 Qf4 19. g3 Qh6 20. Nxd4 Bxg3 21. hxg3 Rxd4 22. Rad1 Qd6 23. c3 Rxd1 24. Rxd1 Qe6 25.
b3 h6 26. Rd4 f5 27. Qc4 Qxc4 28. Rxc4 fxe4 29. Kf1 Re7 30. Ke2 Kf7 31. Ke3 Kf6 32.
Rxe4 Rc7 33. c4 Rc6 34. b4 Ra6 35. Rf4+ Ke6 36. Re4+ Kf6 37. Rf4+ Ke6 38. Re4+ Kf6 1/2-1/2

[Event "Late-Titled-Tuesday-Blitz-March-05-2024"]
[Site "Chess.com"]
[Date "2024.03.05"]
[Round "8"]
[White "HamedWafa4"]
[Black "BogdanDeac"]
[Result "1-0"]
[WhiteElo "2757"]
[BlackElo "2949"]
[TimeControl "180+1"]
[EndTime "15:23:04 PST"]
[Termination "HamedWafa4 won on time"]

1. e4 c5 2. Nf3 d6 3. Bb5+ Nd7 4.
O-O a6 5. Be2 Ngf6 6. d3 g6 7. c4 b6 8. Nc3 Bb7 9. Re1 Bg7 10. Bf1 O-O 11. d4 cxd4 12. Nxd4 Rc8 13.
f3 Ne5 14. Qb3 e6 15. Be3 Qc7 16. Na4 Nfd7 17. Rac1 Nc5 18. Qa3 Bc6 19. Nxc6 Qxc6 20. Nc3 1-0

[Event "Late-Titled-Tuesday-Blitz-March-05-2024"]
[Site "Chess.com"]
[Date "2024.03.05"]
[Round "8"]
[White "LUISMIGUELOV"]
[Black "Veleamater"]
[Result "0-1"]
[WhiteElo "2163"]
[BlackElo "2327"]
[TimeControl "180+1"]
[EndTime "15:23:06 PST"]
[Termination "Veleamater won by resignation"]

1. e4 d6 2. Bc4 g6 3. c3 Nc6 4. d4 Bg7 5. f4 Nf6 6. Qe2 O-O 7. Nf3 e5 8. fxe5 dxe5 9. d5 Ne7 10. O-O Ne8 11. Bg5 Nd6 12. Bd3 h6 13. Bxe7 Qxe7 14. Nbd2 f5 15. c4 Kh7 16. Rac1 a6 17. c5 Nf7 18. b4 Bd7 19. a3 f4 20. Nc4 Rad8 21.
Rcd1 g5 22. d6 cxd6 23. cxd6 Nxd6 24. Nxd6 Qxd6 25. Bc4 Qe7 26. Bd5 g4 27. Nd2 Ba4 28. Rc1 Qg5 29. Rc7 Bb5 30. Bc4 f3 31. Nxf3 gxf3 32. Rxf3 Bxc4 33. Qxc4 Rxf3 34. Rxg7+ Qxg7 0-1